 Dungeon Crawl Stone Soup version 0.27.1-33-g824d729ab1 (webtiles) character file.

Game seed: 16511447898999407029

31 pkoi the Insei (level 3, -2/31 HPs)
             Began as a Draconian Monk on Nov 29, 2021.
             Killed by nerve-wracking pain
             ... invoked by Jessica
              (10 damage)
             ... on level 2 of the Dungeon.
             The game lasted 00:01:52 (1699 turns).

pkoi the Insei (Draconian Monk)                     Turns: 1699, Time: 00:01:53

Health: -2/31      AC:  5    Str: 13    XL:     3   Next: 7%
Magic:  3/3        EV: 12    Int: 11    God:
Gold:   30         SH:  0    Dex: 13    Spells: 2/2 levels left

rFire    . . .     SeeInvis .     - Unarmed
rCold    . . .     Faith    .   (no shield)
rNeg     . . .     Spirit   .   (armour unavailable)
rPois    .         Reflect  .   (helmet restricted)
rElec    .         Harm     .   (no cloak)
rCorr    .         Rampage  .   (no gloves)
Will     .....                  (no boots)
Stlth    ++........             (no amulet)
HPRegen  0.10/turn              (no ring)
MPRegen  0.08/turn              (no ring)

@: no status effects
A: AC +5, unfitting armour, cold-blooded
a: no special abilities


You were on level 2 of the Dungeon.
You visited 1 branch of the dungeon, and saw 2 of its levels.

You collected 30 gold pieces.

Inventory:

Potions
 a - a potion of mutation
 b - a potion of curing


   Skills:
 - Level 3.2 Fighting
 - Level 2.6 Dodging
 - Level 1.7 Stealth
 + Level 4.2 Unarmed Combat


You had 2 spell levels left.
You didn't know any spells.
Your spell library was empty.

Dungeon Overview and Level Annotations

Branches:
Dungeon (2/15)

Altars:

Annotations:
D:2 Jessica, Sigmund


Innate Abilities, Weirdness & Mutations

Your plain brown scales are hard. (AC +5)
You cannot fit into any form of body armour.
You are cold-blooded and may be slowed by cold attacks.


Message History

You now have 30 gold pieces (gained 9).
Jessica the Apprentice Sorceress comes into view.
She is wielding a +0 dagger.
Jessica shouts!
Jessica gestures at you while chanting. Pain shoots through your body!
Found 3 large rocks.
Jessica barely misses you.
You hit Jessica. Your punch misses Jessica.
Jessica is moderately wounded.
You closely miss Jessica.
Your tail-slap misses Jessica.
Jessica is moderately wounded.
Jessica barely misses you.
You closely miss Jessica.
Jessica is moderately wounded.
Jessica hits you with a +0 dagger.
You hit Jessica.
Jessica is almost dead.
Jessica drinks a potion.
Jessica is healed!
You closely miss Jessica.
You tail-slap Jessica, but do no damage.
Jessica hits you with a +0 dagger.
You hit Jessica.
You tail-slap Jessica, but do no damage.
Jessica is heavily wounded.
Jessica mumbles some strange words.
Jessica blinks!
Found a stone staircase leading down.
Jessica grins evilly.
Jessica misses you.
You barely miss Jessica. You tail-slap Jessica.
Jessica is heavily wounded.
Jessica points at you and mumbles some strange words.
Pain shoots through your body!
* * * LOW HITPOINT WARNING * * *
You hit Jessica but do no damage.
Jessica is heavily wounded.
Jessica gestures wildly while chanting.
Jessica blinks!
Jessica points at you and mumbles some strange words.
Pain shoots through your body!
You die...

##### #.... #.##. #.##.
#.###
#.##################.###
#......@................
#.#.##.#############.##.
#@####### #....
#.#.##...@.... ####.
#..>.........# #.
####.......(.. #.
#.####..##. ###. #. ..#
#... #. .# #.#.


You could see Jessica.

Vanquished Creatures
  2 ball pythons (D:1)
  3 bats (D:1)
  An endoplasm (D:1)
  2 giant cockroaches (D:1)
  A goblin (D:2)
  5 hobgoblins (D:1)
  2 quokkas (D:1)
  3 frilled lizards (D:1)
  8 kobolds (D:1)
  2 rats (D:1)
29 creatures vanquished.

Notes
Turn   | Place    | Note
-------+----------+-------------------------------------------
     0 | D:1      | pkoi the Draconian Monk began the quest for the Orb.
     0 | D:1      | Reached XP level 1. HP: 19/19 MP: 1/1
   224 | D:1      | Reached XP level 2. HP: 25/26 MP: 2/2
   294 | D:1      | HP: 1/26 [rat (3)]
   764 | D:1      | Found a faded altar of an unknown god.
   872 | D:1      | Reached skill level 4 in Unarmed Combat
  1218 | D:2      | Noticed Sigmund
  1492 | D:1      | Reached XP level 3. HP: 19/31 MP: 3/3
  1680 | D:2      | Noticed Jessica
  1699 | D:2      | Killed from afar by Jessica

Illustrated notes

Levels and vault maps discovered:
D:1:      lightli_arrival_boilingwater, layout_rooms, basic_ecumenical_altar
D:2:      layout_basic, serial_glass, glass_columns_a, glass_columns_a,
          uniq_sigmund, uniq_jessica

Skill      XL: |  1  2 |
---------------+-------+-----
Unarmed Combat | 4 |  4.2
Fighting       | |  3.2
Dodging        | |  2.6
Stealth        | |  1.7

Action                   || total
-------------------------++-------
Melee: Unarmed           ||   115
       Tailslap          ||    19
       Punch             ||     1
  Use: Scroll            ||     4
 Stab: Sleeping          ||     1
Armor: Skin              ||    37
Dodge: Dodged            ||    78
